 Dungeon Crawl Stone Soup version 0.16-a0-253-g996e5b4 (webtiles) character file.

190833 PolkaDot the Maledictor (level 17, 0/140 HPs)
             Began as a Vampire Enchanter on Aug 22, 2014.
             Was the Champion of Ashenzari.
             Shot with an arrow by Vashnia (25 damage)
             ... on Level 2 of the Snake Pit on Aug 23, 2014.
             The game lasted 04:28:34 (46553 turns).

PolkaDot the Maledictor (Vampire Enchanter)        Turns: 46553, Time: 04:28:34

HP   0/140       AC 15     Str  7      XL: 17   Next: 55%
MP  23/32        EV 20     Int 25      God: Ashenzari [******]
Gold 1118        SH  6     Dex 14      Spells:  9 memorised,  4 levels left

rFire  . . .     SeeInvis +     g - +2 cutlass (elec) (curse)
rCold  . . .     Clarity  +     v - +2 robe {Archmagi} (curse)
rNeg   + + .     rCorr    .     i - +0 buckler (curse)
rPois  .         rRot     .     s - +2 helmet (curse)
rElec  .         Spirit   .     z - +0 cloak (curse)
SustAb +         Warding  +     r - +2 pair of gloves (curse)
rMut   .         Stasis   .     x - +1 pair of boots (curse)
Gourm  .                        h - cursed amulet of warding
MR     +....                    u - cursed ring of sustain abilities
                                F - cursed +3 ring of intelligence

@: studying Armour, somewhat resistant to hostile enchantments, incredibly
stealthy
A: bottle blood, fangs 3, talons 1, repulsion field 1, see invisible, robust 1,
unbreathing
a: Bat Form, Bottle Blood, Scrying, Transfer Knowledge, Renounce Religion
}: 1/15 runes: barnacled


You were on level 2 of the Snake Pit.
You worshipped Ashenzari.
Ashenzari was exalted by your worship.
You were not thirsty.

You visited 5 branches of the dungeon, and saw 31 of its levels.
You also visited: Sewer and Ice Cave.

You collected 2332 gold pieces.
You spent 1214 gold pieces at shops.

Inventory:

Hand weapons
 g - a cursed +2 cutlass of electrocution (weapon)
Missiles
 U - 4 throwing nets (quivered)
Armour
 i - a cursed +0 buckler (worn)
 r - a cursed +2 pair of gloves (worn)
 s - a cursed +2 helmet (worn)
 v - a cursed +2 robe of the Archmagi (worn)
 x - a cursed +1 pair of boots (worn)
 z - a cursed +0 cloak (worn)
Magical devices
 b - a wand of teleportation (4)
 j - a wand of heal wounds (0)
 w - a wand of draining (7)
 y - a wand of draining (6)
 C - a wand of fire (4)
 H - a wand of hasting (3)
 Q - a wand of paralysis (5)
 R - a wand of disintegration (17)
 S - a wand of fire (3)
 T - a wand of teleportation (6)
 W - a wand of cold (0)
 Z - a wand of digging (13)
Scrolls
 a - 2 scrolls of teleportation
 e - 3 scrolls of immolation
 k - a scroll of torment
 l - 4 scrolls of curse jewellery
 o - 2 scrolls of silence
 p - a scroll of fear
 q - a scroll of blinking
 t - 6 scrolls of magic mapping
 A - a scroll of curse weapon
 G - 4 scrolls of noise
 I - 8 scrolls of remove curse
 J - 2 scrolls of recharging
 K - a scroll of brand weapon {unknown}
 N - 3 scrolls of fog
 X - a scroll of summoning
Jewellery
 h - a cursed amulet of warding (around neck)
 u - a cursed ring of sustain abilities (right hand)
 F - a cursed +3 ring of intelligence (left hand)
Potions
 c - a potion of curing
 d - 3 potions of restore abilities
 B - 3 potions of might
 D - 2 potions of cancellation
 E - a potion of flight
 M - 4 potions of resistance
 O - a potion of haste
 Y - 3 potions of agility
Books
 f - a book of Ice

   Spells                             Type                      Level
   Metabolic Englaciation             Hexes/Ice                    5
   Ozocubu's Refrigeration            Ice                          6
   Bolt of Cold                       Conjuration/Ice              6
   Freezing Cloud                     Conjuration/Ice/Air          6
   *Simulacrum                        Ice/Necromancy               6
 m - a book of Summonings

   Spells                             Type                      Level
   Abjuration                         Summoning                    3
   Recall                             Summoning/Translocation      3
   Shadow Creatures                   Summoning                    5
   Summon Demon                       Summoning                    5
   Summon Forest                      Summoning/Translocation      5
   Monstrous Menagerie                Summoning                    6
 n - a book of Control

   Spells                             Type                      Level
   Control Teleport                   Charms/Translocation         4
   Control Undead                     Necromancy                   4
   *Enslavement                       Hexes                        4
   Metabolic Englaciation             Hexes/Ice                    5
   *Mass Confusion                    Hexes                        6
 L - a manual of Armour


   Skills:
 - Level 10.0 Fighting
 - Level 11.0(15.2) Short Blades
 - Level 10.0 Armour
 - Level 5.7(10.2) Dodging
 + Level 21.3(24.7) Stealth
 - Level 5.0(8.0) Shields
 * Level 7.9 Spellcasting
 - Level 22.6(25.9) Hexes
 - Level 4.2(8.5) Charms
 - Level 6.6(11.1) Necromancy
 + Level 9.4(13.7) Ice Magic


You had 4 spell levels left.
You knew the following spells:

 Your Spells              Type           Power        Failure   Level  Hunger
a - Corona                Hex            #######      0%          1    None
b - Sure Blade            Hex/Chrm       #######...   0%          2    None
c - Confuse               Hex            ########     0%          3    None
d - Ensorcelled Hibernat  Hex/Ice        ######       0%          2    None
e - Enslavement           Hex            ########     0%          4    ##.....
q - Blink                 Tloc           N/A          10%         2    None
A - Apportation           Tloc           ###.......   6%          1    None
C - Mass Confusion        Hex            ########..   1%          6    ######.
I - Simulacrum            Ice/Necr       #######...   8%          6    ######.


Dungeon Overview and Level Annotations

Branches:
Dungeon (15/15)            Temple (1/1) D:6             Orc (0/4) D:10
   Lair (8/8) D:8          Shoals (5/5) Lair:6        Snake (2/5) Lair:5
  Slime (0/6) Lair:8       Vaults (0/5) D:14         Depths (0/5) D:15

Altars:
Ashenzari
Cheibriados
Dithmenos
Elyvilon
Fedhas
Gozag
Kikubaaqudgha
Makhleb
Nemelex Xobeh
Okawaru
Qazlal
Sif Muna
Trog
Vehumet
Xom
Yredelemnul
Zin
The Shining One

Shops:
D:4 (%((   D:10 (   D:11 *   Snake:1 (

Portals:
Trove: D:15 (show horn of Geryon)

Annotations:
Snake:2 Vashnia


Innate Abilities, Weirdness & Mutations

You can bottle blood from corpses.
You have razor-sharp teeth.
You have supernaturally acute eyesight.
You can survive without breathing.
You have sharp toenails.
You are surrounded by a mild repulsion field (EV +2).
You are robust (+10% HP).


Message History

Vashnia casts a spell.
Vashnia magically shoots an arrow.
The arrow hits you!!
* * * LOW HITPOINT WARNING * * *
The arrow freezes you!
* * * LOW HITPOINT WARNING * * *
x2 You see here 2 arrows.
You swap places.
What do you say? t - Shout!
Orders for allies: a - Attack new target. r - Retreat! s - Stop attacking. w - Wait here. f - Follow me.
Anything else - Stay silent.
Gang up on whom?
Press: ? - help, Dir - move target cursor, f - Vashnia
Aim: Vashnia, wielding a longbow of freezing, wearing a naga barding of cold resistance, quivering 19 arrows and carrying an uncursed vampiric hand axe (shrouded) Attack!
Vashnia casts a spell.
Vashnia magically shoots an arrow.
The arrow hits you!!
You die...

* * # , * * *,*
*,#N,* * **,,, * *
#{** ,, ,, *, ,* * **
,* ##.#*### ***∆ * *
*, * #N. #.# *... ,#
, * ,** <*##Z# ##.#
**#... #. ,, *,,*
#.#.(###Z(####...#**#
* *,,*
*#...@ZZZZ(.....## *
, **,, *
#....####...###..##
.. ** , ,***#...##
#..(##....# .. * *
,...##. * ##...(...#
.. *, ,, , ..#*##,
*#.....(### *,,. *
*,,,*,.
*,,#....##..#####.. *
*,, , *
.....####.......! * *
....## #........ ,*
,, ,,,,,,...
##.#####..


You could see Vashnia, a friendly water moccasin simulacrum, a friendly anaconda
simulacrum and 4 friendly naga simulacra.

Vanquished Creatures
  Nikola (Shoals:2)
  A kraken (Shoals:5)
  Polyphemus (Shoals:2)
  A frost giant (IceCv)
  Maud (Lair:8)
  Aizul (Snake:2)
  Louise (Snake:1)
  3 dire elephants (Lair:8)
  Azrael (D:14)
  3 merfolk javelineers (Shoals:5)
  Snorg (Shoals:2)
  The ghost of lrvs the Basher, a powerful OgBe of Trog (D:10)
  8 merfolk impalers
  5 hydras
  2 ogre magi (D:15)
  A ravenous item mimic (IceCv)
  2 sirens
  3 centaur warriors
  An alligator snapping turtle (Shoals:5)
  4 anacondas
  A merfolk aquamancer (Shoals:5)
  5 naga sharpshooters
  4 death yaks
  Urug (D:10)
  2 catoblepae
  A wizard (D:15)
  12 sea snakes
  A giant orange brain (D:15)
  A sea snake (shapeshifter) (D:15)
  11 hill giants
  3 naga ritualists
  2 unseen horrors
  Pikel (D:6)
  2 necromancers (D:14)
  30 harpies
  16 spiny frogs
  5 mana vipers
  3 fauns (Shoals:1)
  3 water nymphs
  11 elephants
  14 ugly things
  9 manticores
  11 griffons
  10 mermaids
  3 salamanders (Snake:1)
  12 black mambas
  7 cyclopes
  Joseph (D:7)
  2 gargoyles (D:13)
  2 torpor snails
  An item mimic (Lair:4)
  An elf (shapeshifter) (D:15)
  6 komodo dragons
  A fire drake (Lair:8)
  2 naga magi
  Grinder (D:6)
  An efreet (D:15)
  2 wind drakes
  6 trolls
  7 two-headed ogres
  28 merfolk
  20 polar bears
  11 blink frogs
  A freezing wraith (D:15)
  Prince Ribbit (D:5)
  5 snapping turtles
  4 slime creatures (D:15)
  3 basilisks
  An ice dragon zombie (D:15)
  4 shadows
  4 water elementals
  A wraith (D:14)
  An elf zombie (D:13)
  A trapdoor spider (D:14)
  75 yaks
  A vampire (D:14)
  A fire elemental (D:14)
  4 deep elf magi
  Grum (D:10)
  16 vampire mosquitoes
  3 wyverns
  A steam dragon (Lair:6)
  2 hungry ghosts
  10 hippogriffs
  13 nagas
  21 wolves
  5 hell hounds (D:14)
  The ghost of runewalsh the Insei, an average OpTm of Ashenzari (D:4)
  Edmund (D:6)
  21 water moccasins
  2 mottled dragons
  2 soldier ants
  11 orc warriors
  14 porcupines
  6 ice beasts
  3 black bears
  A yellow wasp (D:14)
  16 centaurs
  A necrophage (D:9)
  2 sky beasts
  A phantom (D:7)
  15 crocodiles
  12 ogres
  17 giant frogs
  A big kobold (D:10)
  Blork the orc (D:7)
  A water moccasin zombie (D:11)
  6 scorpions
  2 cyclops skeletons
  2 eyes of draining
  A troll zombie (D:8)
  23 wights
  2 electric eels (Lair:4)
  3 goliath beetles
  5 crimson imps
  3 giant frog zombies
  23 killer bees
  A centaur zombie (D:8)
  5 jellies
  A basilisk zombie (D:10)
  5 centaur skeletons
  11 orc priests
  A gnoll shaman (D:6)
  11 hounds
  9 iguanas
  18 orc wizards
  4 worker ants
  41 sheep
  A big kobold skeleton (D:8)
  A hound skeleton (D:6)
  8 gnolls
  42 green rats
  27 adders
  2 shadow imps
  3 worms
  6 giant mites
  12 white imps (Lair:3)
  An adder skeleton (D:8)
  4 giant geckos
  9 oozes
  54 orcs
  25 bats
  A bat zombie (D:5)
  11 goblins
  14 hobgoblins
  4 jackals
  15 quokkas
  3 ball pythons
  9 giant cockroaches
  10 giant newts
  A hobgoblin skeleton (D:4)
  19 kobolds
  An orc skeleton (D:9)
  17 rats
  4 ballistomycetes
  7 plants
1111 creatures vanquished.

Vanquished Creatures (collateral kills)
  Norris (Snake:2)
  Rupert (Lair:4)
  Ilsuiw (Shoals:5)
  2 merfolk javelineers (Shoals:5)
  A merfolk impaler (Shoals:2)
  A siren (Shoals:5)
  5 merfolk aquamancers (Shoals:5)
  3 death yaks (Shoals:2)
  A naga sharpshooter (Snake:2)
  A catoblepas (Shoals:2)
  5 sea snakes
  A naga ritualist (Snake:2)
  An ice statue (IceCv)
  A mana viper (Snake:2)
  A manticore (Shoals:5)
  A griffon (Shoals:5)
  A water nymph (Shoals:5)
  5 fauns (Shoals:1)
  2 elephants (Lair:4)
  4 mermaids
  A guardian serpent (Snake:2)
  A black mamba (Snake:2)
  A naga mage (Snake:2)
  2 gargoyles
  11 merfolk
  A snapping turtle (Shoals:5)
  2 fire elementals (D:14)
  9 yaks
  4 wolves
  3 nagas
  2 wights
  3 killer bees (D:13)
  An orc wizard (D:13)
  A worker ant (D:13)
  3 sheep (Shoals:4)
  3 orcs (D:15)
  2 giant spores
  A plant (Shoals:5)
90 creatures vanquished.

Vanquished Creatures (others)
  3 drowned souls (Shoals:1)
  A water nymph (Shoals:1)
  A polar bear (IceCv)
  A sky beast (D:6)
  A necrophage (D:6)
  2 slaves (D:6)
  A giant frog (D:6)
  A wight (D:6)
  A crimson imp (D:6)
  An orc priest (D:6)
  An orc zombie (D:6)
  2 orcs (D:6)
  A hobgoblin zombie (D:6)
  3 fungi (Lair:8)
  11 plants
  38 tentacles
  238 tentacle segments
307 creatures vanquished.

Grand Total: 1508 creatures vanquished

Notes
Turn   | Place    | Note
--------------------------------------------------------------
     0 | D:1      | PolkaDot, the Vampire Enchanter, began the quest for the Orb.
     0 | D:1      | Reached XP level 1. HP: 13/13 MP: 3/3
   181 | D:1      | Reached XP level 2. HP: 17/19 MP: 4/4
   218 | D:1      | Learned a level 2 spell: Ensorcelled Hibernation
   856 | D:2      | Reached XP level 3. HP: 17/24 MP: 0/6
  1092 | D:2      | Learned a level 3 spell: Confuse
  1140 | D:2      | Reached skill level 1 in Ice Magic
  1145 | D:2      | Reached skill level 5 in Hexes
  1512 | D:2      | Reached XP level 4. HP: 30/30 MP: 4/7
  1749 | D:3      | Reached skill level 5 in Stealth
  2237 | D:3      | Reached XP level 5. HP: 33/35 MP: 5/9
  2239 | D:3      | Reached skill level 6 in Hexes
  2370 | D:3      | Found a shimmering altar of Xom.
  2511 | D:4      | Found Trerchism's Weapon Shoppe.
  2520 | D:4      | Found Mnoagg's Antique Weapon Shoppe.
  2523 | D:4      | Noticed runewalsh's ghost (average OpTm)
  2546 | D:4      | Killed runewalsh's ghost
  2610 | D:4      | Reached XP level 6. HP: 41/41 MP: 7/10
  2673 | D:4      | Reached skill level 7 in Hexes
  2781 | D:4      | Found Qouxaohi's Weapon Boutique.
  2791 | D:4      | Found Ghiom's Food Emporium.
  3313 | D:5      | Entered Level 5 of the Dungeon
  3313 | D:5      | Found a shattered altar of Ashenzari.
  3317 | D:5      | Became a worshipper of Ashenzari the Shackled
  3421 | D:5      | Noticed Prince Ribbit
  3443 | D:5      | Killed Prince Ribbit
  3443 | D:5      | Reached skill level 8 in Hexes
  3443 | D:5      | Reached XP level 7. HP: 46/46 MP: 9/12
  3950 | D:5      | Found a burning altar of Makhleb.
  4035 | D:5      | Reached skill level 9 in Hexes
  4115 | D:5      | Reached skill level 5 in Short Blades
  4442 | D:6      | Noticed Grinder
  4462 | D:6      | Killed Grinder
  4462 | D:6      | Reached skill level 10 in Hexes
  4462 | D:6      | Reached XP level 8. HP: 40/52 MP: 5/13
  4472 | D:6      | Noticed Pikel
  4483 | D:6      | Killed Pikel
  4483 | D:6      | Reached skill level 11 in Hexes
  4613 | D:6      | Found a glowing drain.
  4631 | Sewer    | Entered a sewer
  5215 | D:6      | Gained mutation: You have sharp toenails. [potion of mutation]
  5215 | D:6      | Gained mutation: You are surrounded by a mild repulsion field (EV +2). [potion of mutation]
  5215 | D:6      | Gained mutation: You are robust (+10% HP). [potion of mutation]
  5237 | D:6      | Reached skill level 12 in Hexes
  5659 | D:6      | Noticed Edmund
  5661 | D:6      | Killed Edmund
  5661 | D:6      | Reached skill level 10 in Stealth
  5661 | D:6      | Reached XP level 9. HP: 54/62 MP: 14/14
  5811 | D:6      | Found a staircase to the Ecumenical Temple.
  5818 | Temple   | Entered the Ecumenical Temple
  5839 | Temple   | Acquired Ashenzari's first power
  6069 | D:6      | Found a bloodstained altar of Trog.
  6250 | D:6      | Noticed a purple ugly thing
  6253 | D:6      | Killed a purple ugly thing
  6389 | D:6      | Learned a level 4 spell: Enslavement
  6392 | D:6      | Learned a level 2 spell: Sure Blade
  6560 | D:7      | Found an opulent altar of Gozag.
  6660 | D:7      | Noticed Blork the orc
  6670 | D:7      | Killed Blork the orc
  6670 | D:7      | Reached skill level 13 in Hexes
  6713 | D:7      | Found a shimmering altar of Xom.
  6713 | D:7      | Found a shimmering altar of Xom.
  6714 | D:7      | Found a shimmering altar of Xom.
  6714 | D:7      | Found a shimmering altar of Xom.
  6731 | D:7      | Noticed Joseph
  6743 | D:7      | Killed Joseph
  6758 | D:7      | Found a shimmering altar of Xom.
  7269 | D:8      | Acquired Ashenzari's second power
  7319 | D:8      | Reached skill level 14 in Hexes
  7325 | D:8      | Found a shattered altar of Ashenzari.
  7325 | D:8      | Found a snail-covered altar of Cheibriados.
  7457 | D:8      | Reached XP level 10. HP: 69/69 MP: 16/16
  7889 | D:8      | Found a staircase to the Lair.
  8625 | Lair:1   | Entered Level 1 of the Lair of Beasts
  8926 | Lair:1   | Reached skill level 15 in Hexes
  9503 | Lair:1   | Reached skill level 16 in Hexes
  9922 | Lair:2   | Acquired Ashenzari's third power
  9940 | Lair:2   | Reached XP level 11. HP: 64/74 MP: 9/17
 10277 | Lair:2   | Identified the cursed -5 leather armour of Then {rPois}
 10397 | Lair:2   | Reached skill level 10 in Short Blades
 11260 | Lair:3   | Found a frozen archway.
 11363 | IceCv    | Entered an ice cave
 11689 | IceCv    | Noticed an ice statue
 11755 | IceCv    | Killed an ice statue
 11755 | IceCv    | Reached skill level 1 in Fighting
 12114 | IceCv    | Reached skill level 17 in Hexes
 12159 | IceCv    | Killed a ravenous scroll mimic
 12207 | IceCv    | Noticed a death yak
 12216 | IceCv    | Killed a death yak
 12222 | IceCv    | Reached XP level 12. HP: 92/92 MP: 8/18
 12340 | IceCv    | Reached skill level 15 in Stealth
 12346 | IceCv    | Reached skill level 5 in Fighting
 12514 | IceCv    | Noticed a frost giant
 12659 | IceCv    | Killed a frost giant
 13419 | Lair:3   | Reached skill level 18 in Hexes
 13671 | Lair:3   | Acquired Ashenzari's fourth power
 14331 | Lair:4   | Noticed Rupert
 14356 | Lair:4   | Killed Rupert
 14752 | Lair:4   | Noticed a seven-headed hydra
 14761 | Lair:4   | Killed a seven-headed hydra
 14764 | Lair:4   | Reached XP level 13. HP: 106/108 MP: 14/19
 16452 | Lair:5   | Found a deep blue altar of Sif Muna.
 16890 | Lair:5   | Found a staircase to the Snake Pit.
 17339 | Lair:6   | Found a staircase to the Shoals.
 18140 | Lair:6   | Reached skill level 10 in Fighting
 18252 | Lair:7   | Reached skill level 1 in Shields
 18254 | Lair:7   | Reached skill level 19 in Hexes
 19491 | Lair:8   | Entered Level 8 of the Lair of Beasts
 19750 | Lair:8   | Noticed Maud
 19766 | Lair:8   | Killed Maud
 20244 | Lair:8   | Reached XP level 14. HP: 121/121 MP: 19/21
 20254 | Lair:8   | Learned a level 6 spell: Mass Confusion
 20617 | Lair:8   | Reached skill level 5 in Shields
 20761 | Lair:8   | Reached skill level 1 in Charms
 20775 | Lair:8   | Found a staircase to the Slime Pits.
 22922 | Lair:8   | Noticed an azure jelly
 24453 | D:10     | Entered Level 10 of the Dungeon
 24609 | D:10     | Found a staircase to the Orcish Mines.
 25004 | D:10     | Found a white marble altar of Elyvilon.
 25077 | D:10     | Noticed Grum
 25095 | D:10     | Killed Grum
 25211 | D:10     | Noticed lrvs' ghost (powerful OgBe)
 25217 | D:10     | Killed lrvs' ghost
 25245 | D:10     | Found Skooril's Weapon Boutique.
 25496 | D:10     | Noticed Urug
 25512 | D:10     | Killed Urug
 25857 | D:11     | Reached skill level 20 in Hexes
 26153 | D:11     | Reached skill level 5 in Dodging
 26765 | D:11     | Found Pheppesm's General Store.
 26952 | D:11     | Found a shattered altar of Ashenzari.
 27315 | D:11     | Bought a manual of Armour for 1214 gold pieces
 27585 | D:12     | Reached skill level 1 in Armour
 29649 | D:13     | Reached XP level 15. HP: 126/126 MP: 16/22
 29660 | D:13     | Reached skill level 5 in Armour
 29782 | D:13     | Learned a level 2 spell: Shroud of Golubria
 29880 | D:9      | Learned a level 1 spell: Apportation
 31409 | D:14     | Found a gate to the Vaults.
 31803 | D:14     | Noticed Azrael
 31812 | D:14     | Killed Azrael
 31817 | D:14     | Learned a level 2 spell: Blink
 32357 | D:15     | Entered Level 15 of the Dungeon
 32688 | D:15     | Found a portal to a secret trove of treasure.
 33499 | D:15     | Reached skill level 21 in Hexes
 34284 | D:15     | Reached skill level 10 in Armour
 34369 | D:15     | Found a staircase to the Depths.
 34480 | D:15     | Upgraded the game from 0.16-a0-249-g5922f4d to 0.16-a0-253-g996e5b4
 34797 | Shoals:1 | Entered Level 1 of the Shoals
 35586 | Shoals:1 | Noticed a kraken
 35957 | Shoals:1 | Reached XP level 16. HP: 134/134 MP: 1/25
 36414 | Shoals:2 | Noticed Nikola
 36418 | Shoals:2 | Killed Nikola
 36567 | Shoals:2 | Noticed Polyphemus
 36579 | Shoals:2 | Reached skill level 5 in Ice Magic
 36589 | Shoals:2 | Noticed Snorg
 36589 | Shoals:2 | Polyphemus (ally) was killed
 36589 | Shoals:2 | Your ally died
 36601 | Shoals:2 | Killed Snorg
 38848 | Shoals:3 | Reached skill level 5 in Spellcasting
 38848 | Shoals:3 | Reached skill level 22 in Hexes
 40487 | Shoals:4 | Identified the +12 halberd of the Hidden Vale {speed, *Tele +Inv rPois Str+3}
 40669 | Shoals:4 | Learned a level 6 spell: Simulacrum
 41101 | Shoals:4 | Reached skill level 1 in Necromancy
 41189 | Shoals:5 | Entered Level 5 of the Shoals
 42169 | Shoals:5 | Noticed Ilsuiw
 42622 | Shoals:5 | Identified the +6 quarterstaff "Bauck" {distort, rPois rF+ rN+ Int+4 Curse} (You took it off a merfolk impaler on level 5 of the Shoals)
 42622 | Shoals:5 | Reached skill level 5 in Necromancy
 42662 | Shoals:5 | Killed Ilsuiw
 42662 | Shoals:5 | Reached XP level 17. HP: 78/140 MP: 5/29
 43290 | Shoals:5 | Got a barnacled rune of Zot
 44057 | Snake:1  | Entered Level 1 of the Snake Pit
 44392 | Snake:1  | Found Plog's Weapon Shoppe.
 44458 | Snake:1  | Noticed Louise
 44467 | Snake:1  | Killed Louise
 45993 | Snake:2  | Noticed Aizul
 45998 | Snake:2  | Killed Aizul
 46063 | Snake:2  | Noticed Norris
 46082 | Snake:2  | Killed Norris
 46202 | Snake:2  | Noticed Vashnia
 46224 | Snake:2  | HP: 7/140 [naga sharpshooter/ bolt[Vashnia] (25)]
 46553 | Snake:2  | Shot with an arrow by Vashnia

Action                   |  1- 3 |  4- 6 |  7- 9 | 10-12 | 13-15 | 16-18 || total
-------------------------+-------+-------+-------+-------+-------+-------++-------
Melee: Dagger            |    83 |    77 |   233 |   495 |  1874 |   291 ||  3053
       Cutlass           |       |       |       |       |       |   273 ||   273
 Cast: Corona            |     1 |       |     2 |     2 |     5 |    11 ||    21
       Ensorcelled Hiber |    18 |    30 |    70 |   142 |   349 |   143 ||   752
       Confuse           |       |     7 |     9 |    20 |   110 |    31 ||   177
       Enslavement       |       |       |       |    16 |    54 |    35 ||   105
       Sure Blade        |       |       |       |       |    12 |     2 ||    14
       Mass Confusion    |       |       |       |       |    29 |       ||    29
       Simulacrum        |       |       |       |       |       |    30 ||    30
 Abil: End Transformatio |       |       |     1 |     1 |     1 |     4 ||     7
       Bat Form          |       |       |     1 |     1 |     1 |     4 ||     7
Evoke: Wand              |       |       |       |    27 |    31 |     9 ||    67
  Use: Scroll            |     5 |    13 |     9 |    14 |    16 |     9 ||    66
       Potion            |       |     1 |     2 |    11 |    15 |     4 ||    33
 Stab: Sleeping          |    30 |    26 |    83 |   120 |   351 |   124 ||   734
       Distracted        |     1 |     1 |     2 |     5 |    15 |     4 ||    28
       Confused          |       |     4 |     8 |    14 |   108 |    18 ||   152
       Betrayed ally     |       |       |       |       |     7 |     5 ||    12
       Paralysed         |       |       |       |       |     1 |       ||     1
       Invisible         |       |       |       |       |       |     5 ||     5
  Eat: Corpse            |       |       |       |     1 |     3 |    11 ||    15
